 Dungeon Crawl Stone Soup version 0.29.0-4-gdea44cf6ec (webtiles) character file.

Game seed: 18019301320152734558

11717 qw the Cleaver (level 11, -9/72 HPs)
             Began as a Gargoyle Berserker on Sept 7, 2022.
             Was a Priest of Trog.
             Killed from afar by an oklob plant (11 damage)
             ... with a splash of acid
             ... on level 2 of the Lair of Beasts.
             The game lasted 00:04:07 (12507 turns).

qw the Cleaver (Gargoyle Berserker)                Turns: 12507, Time: 00:04:08

Health: -9/72      AC: 20    Str: 30      XL:     11   Next: 82%
Magic:  12/12      EV:  8    Int:  8 (9)  God:    Trog [***...]
Gold:   222        SH:  4    Dex:  9      Spells: 10/10 levels left

rFire   . . .      SeeInvis +   d - +3 war axe
rCold   . . .      Faith    .   (no shield)
rNeg    + . .      Spirit   .   t - +0 plate armour
rPois   inf        Reflect  .   l - +0 helmet of Wonder {rCorr}
rElec   +          Harm     .   c - +0 cloak
rCorr   +          Rampage  .   k - +1 Delatra's gloves {ID++}
Will    .....                   u - +0 pair of boots
Stlth   ..........              (no amulet)
HPRegen 0.22/turn               Y - +6 ring of strength
MPRegen 0.13/turn               q - ring of see invisible

@: corroded, on berserk cooldown, slowed, very slow
A: sickness immunity, AC +8, negative energy resistance 1, electricity
resistance, torment resistance 1, petrification resistance, large bone plates 1,
deterioration 1, high MP 1
a: Renounce Religion, Berserk, Trog's Hand


You were on level 2 of the Lair of Beasts.
You worshipped Trog.
Trog was most pleased with you.
You visited 2 branches of the dungeon, and saw 10 of its levels.

You collected 732 gold pieces.
You spent 510 gold pieces at shops.


Innate Abilities, Weirdness & Mutations

You are immune to sickness and miasma.
Your stone body is resilient. (AC +8)
You are immune to poison.
You resist negative energy. (rN+)
You are resistant to electric shocks. (rElec)
You are resistant to unholy torment.
You are immune to petrification.
You are partially covered in large bone plates. (SH +4)
Your body sometimes deteriorates upon taking damage.
You have an increased reservoir of magic. (+10% MP)


   Skills:
 - Level 10.0 Fighting
 + Level 12.8 Axes
 - Level 3.3 Throwing
 - Level 9.0 Armour
 - Level 2.0 Dodging


You had 10 spell levels left.
You didn't know any spells.
Your spell library was empty.

Inventory:

Hand Weapons
 d - a +3 war axe (weapon)
 h - a +0 flail
Missiles
 b - 13 boomerangs
 f - 2 javelins (quivered)
Armour
 c - a +0 cloak (worn)
 k - the +1 Delatra's gloves (worn) {ID++}
   (You found it on level 4 of the Dungeon)

   It heals its wearer when they drink unknown potions.
   It restores its wearer's MP when they read unknown scrolls.
 l - the +0 helmet of Wonder (worn) {rCorr}
   (You found it on level 8 of the Dungeon)

   rCorr:     It protects you from acid and corrosion.
 t - a +0 plate armour (worn)
 u - a +0 pair of boots (worn)
Jewellery
 p - a +6 ring of strength
 q - a ring of see invisible (right hand)
 Y - a +6 ring of strength (left hand)
Scrolls
 a - 4 scrolls of identify
Potions
 g - 7 potions of curing
 j - a potion of resistance
 m - 4 potions of might
 o - a potion of haste

Dungeon Overview and Level Annotations

Branches:
Dungeon (8/15)             Temple (0/1) D:5            Lair (2/5) D:8
  Swamp (0/4) Lair:2        Snake (0/4) Lair:2

Altars:
Cheibriados
Dithmenos
Hepliaklqana
Okawaru
Wu Jian
Xom

Shops:
D:8 =(


Message History

You feel your anger nearly subside.
You are no longer berserk.
You are exhausted.
You feel yourself slow down. The oklob plant spits acid at you.
The splash of acid hits you. You resist. The oklob plant spits acid at you.
The splash of acid hits you. You resist. The acid corrodes you!
The oklob plant spits acid at you. The splash of acid hits you. You resist.
The oklob plant spits acid at you. The splash of acid hits you! You resist.
The oklob plant spits acid at you. The splash of acid hits you. You resist.
You are no longer corroded.
The oklob plant spits acid at you. The splash of acid hits you! You resist.
The acid corrodes you!
You feel yourself speed up. The oklob plant spits acid at you.
The splash of acid hits you. You resist. The oklob plant spits acid at you.
The splash of acid hits you! You resist.
You recover from your berserk rage.
The oklob plant spits acid at you. The splash of acid hits you. You resist.
The acid corrodes you!
12501 ||| INVOKING Berserk.
A red film seems to cover your vision as you go berserk!
You feel yourself moving faster!
You feel mighty!
You start resting.
You feel a strong urge to attack something.
You feel your anger nearly subside.
You are no longer berserk.
You are exhausted.
You feel yourself slow down. The oklob plant spits acid at you.
The splash of acid hits you! You resist. The oklob plant spits acid at you.
The splash of acid hits you! You resist. The oklob plant spits acid at you.
The splash of acid hits you! You resist.
You die...

..............#
#................###
....................
....................
....................
...........PPP.......$...
.........:PPP!...:....#.
#.........PPP.......###
#..........@.......P# #
##...................#
#####....................#
#PP#.#..................##
........................
........................
........................ .
.<................(.....
#.#.#..#......####.P##..


You could see an oklob plant.

Vanquished Creatures
  2 hydras
  A catoblepas (Lair:1)
  Joseph (D:8)
  2 cane toads
  A komodo dragon (D:8)
  A rime drake (Lair:1)
  A hornet (Lair:2)
  2 wyverns
  17 yaks
  Grum (D:8)
  A steam dragon (D:8)
  2 nagas (Lair:2)
  An acid dragon (D:8)
  5 water moccasins
  2 ice beasts (D:5)
  3 sky beasts
  2 black bears
  An orc warrior (D:8)
  An ogre (D:6)
  20 wolves
  A centaur (D:8)
  A phantom (D:6)
  A kobold brigand (D:8)
  4 bullfrogs
  2 necrophages (D:4)
  5 scorpions
  9 killer bees (D:8)
  A howler monkey (D:8)
  2 hounds
  4 orc priests
  2 jellies
  A gnoll bouda (D:5)
  Jessica (D:3)
  Terence (D:2)
  3 orc wizards
  10 gnolls
  5 adders
  A shadow imp (D:6)
  An ufetubus (D:4)
  4 worms
  4 dart slugs
  18 orcs
  8 ball pythons
  8 bats
  10 endoplasms
  3 giant cockroaches (D:1)
  5 goblins
  7 hobgoblins
  6 jackals (D:1)
  8 kobolds
  6 quokkas
  3 frilled lizards
  8 rats
220 creatures vanquished.

Vanquished Creatures (others)
  3 fungi
  21 plants
24 creatures vanquished.

Grand Total: 244 creatures vanquished

Notes
Turn   | Place    | Note
-------+----------+-------------------------------------------
     0 | D:1      | qw the Gargoyle Berserker began the quest for the Orb.
     0 | D:1      | Reached XP level 1. HP: 14/14 MP: 1/1
     0 | D:1      | 0 ||| qw: Version: 0.1-a-108-g9e35731
     0 | D:1      | 0 ||| qw: Game counter: 6565
     0 | D:1      | 0 ||| qw: Always use a shield: true
     0 | D:1      | 0 ||| qw: Do Orc after D:15 true
     0 | D:1      | 0 ||| qw: Do second Lair branch before Depths: true
     0 | D:1      | 0 ||| qw: Lair rune preference: random
     0 | D:1      | 0 ||| qw: Plans: Normal
     0 | D:1      | 0 ||| PLANNING D:1-11
   116 | D:1      | Reached skill level 3 in Axes
   153 | D:1      | Reached XP level 2. HP: 19/19 MP: 2/2
   411 | D:1      | Found a faded altar of an unknown god.
   812 | D:1      | Reached XP level 3. HP: 23/23 MP: 3/3
   845 | D:1      | Reached ** piety under Trog
   888 | D:1      | 888 ||| Stepping ~*~*~tactically~*~*~ (stealth).
   979 | D:1      | Reached skill level 4 in Axes
  1535 | D:1      | 1535 ||| DROPPING +0 club.
  1536 | D:1      | 1536 ||| UPGRADING to +0 leather armour.
  1546 | D:1      | 1546 ||| DROPPING +0 animal skin.
  1547 | D:1      | 1547 ||| UPGRADING to +0 helmet.
  1552 | D:1      | 1552 ||| UPGRADING to +0 pair of gloves.
  1557 | D:1      | 1557 ||| READING 2 scrolls labelled KEYFAFOLID.
  1558 | D:1      | 1558 ||| READING scroll labelled ECLOTSIPNI.
  1559 | D:1      | 1559 ||| READING scroll labelled XOENOIDGHEI.
  1660 | D:1      | 1660 ||| DRINKING 2 green potions.
  1660 | D:1      | Gained mutation: You occasionally lose the ability to drink
                  | potions when taking damage. [potion of mutation]
  1660 | D:1      | Gained mutation: You are strong-willed. (Will+) [potion of
                  | mutation]
  1661 | D:1      | 1661 ||| DRINKING potion of mutation.
  1661 | D:1      | Lost mutation: You occasionally lose the ability to drink
                  | potions when taking damage. [potion of mutation]
  1661 | D:1      | Lost mutation: You are strong-willed. (Will+) [potion of
                  | mutation]
  1661 | D:1      | Gained mutation: You are partially covered in large bone
                  | plates. (SH +4) [potion of mutation]
  1661 | D:1      | Gained mutation: You have an increased reservoir of magic.
                  | (+10% MP) [potion of mutation]
  1661 | D:1      | Gained mutation: Your body sometimes deteriorates upon
                  | taking damage. [potion of mutation]
  1759 | D:2      | Reached XP level 4. HP: 28/28 MP: 4/4
  1910 | D:2      | Noticed Terence
  1914 | D:2      | 1914 ||| INVOKING Berserk.
  1916 | D:2      | Killed Terence
  2082 | D:2      | 2082 ||| DROPPING +0 mace.
  2247 | D:2      | 2247 ||| Stepping ~*~*~tactically~*~*~ (stealth).
  2248 | D:2      | 2248 ||| Stepping ~*~*~tactically~*~*~ (stealth).
  2258 | D:2      | 2258 ||| Stepping ~*~*~tactically~*~*~ (stealth).
  2260 | D:2      | 2260 ||| Stepping ~*~*~tactically~*~*~ (stealth).
  2268 | D:2      | 2268 ||| Stepping ~*~*~tactically~*~*~ (stealth).
  2270 | D:2      | 2270 ||| Stepping ~*~*~tactically~*~*~ (stealth).
  2388 | D:2      | 2388 ||| SWAPPING to +0 war axe.
  2394 | D:2      | 2394 ||| Stepping ~*~*~tactically~*~*~ (stealth).
  2400 | D:2      | 2400 ||| DROPPING +0 hand axe.
  2402 | D:2      | 2402 ||| Stepping ~*~*~tactically~*~*~ (stealth).
  2413 | D:2      | 2413 ||| Stepping ~*~*~tactically~*~*~ (stealth).
  2701 | D:2      | Reached skill level 5 in Axes
  2914 | D:2      | 2914 ||| UPGRADING to +0 chain mail.
  2924 | D:2      | 2924 ||| DROPPING +0 leather armour.
  2925 | D:2      | 2925 ||| UPGRADING to ring of protection from cold.
  2926 | D:2      | 2926 ||| READING scroll labelled YRAXKY TIYQUP.
  2927 | D:2      | 2927 ||| READING scroll labelled OHEPTU SOIWNY.
  2973 | D:3      | 2973 ||| Stepping ~*~*~tactically~*~*~ (stealth).
  2974 | D:3      | 2974 ||| STAIRDANCE
  2978 | D:2      | Reached XP level 5. HP: 32/32 MP: 5/5
  2984 | D:3      | Noticed Jessica
  2985 | D:3      | 2985 ||| Stepping ~*~*~tactically~*~*~ (hiding).
  2990 | D:3      | Killed Jessica
  3000 | D:3      | Found a shimmering altar of Xom.
  3078 | D:3      | 3078 ||| INVOKING Berserk.
  3108 | D:3      | 3108 ||| Stepping ~*~*~tactically~*~*~ (stealth).
  3520 | D:3      | 3520 ||| Stepping ~*~*~tactically~*~*~ (stealth).
  3529 | D:3      | 3529 ||| Stepping ~*~*~tactically~*~*~ (stealth).
  3549 | D:3      | Found a snail-covered altar of Cheibriados.
  3620 | D:3      | Reached skill level 3 in Armour
  3635 | D:3      | Reached *** piety under Trog
  3654 | D:3      | Reached XP level 6. HP: 38/38 MP: 6/6
  3925 | D:3      | 3925 ||| UPGRADING to +0 cloak.
  3930 | D:3      | 3930 ||| DRINKING 2 pink potions.
  3978 | D:3      | 3978 ||| DRINKING 2 ruby potions.
  3979 | D:3      | 3979 ||| READING 5 scrolls of identify.
  3979 | D:3      | 3979 ||| IDENTIFYING inky potion
  3980 | D:3      | 3980 ||| READING 4 scrolls of identify.
  3980 | D:3      | 3980 ||| IDENTIFYING dark potion
  3981 | D:3      | 3981 ||| READING 3 scrolls of identify.
  3981 | D:3      | 3981 ||| IDENTIFYING sedimented cyan potion
  3982 | D:3      | 3982 ||| DROPPING potion of lignification.
  3983 | D:3      | 3983 ||| DROPPING potion of invisibility.
  4250 | D:4      | Found the +1 Delatra's gloves {ID++}
  4309 | D:4      | 4309 ||| Stepping ~*~*~tactically~*~*~ (stealth).
  4543 | D:4      | 4543 ||| Stepping ~*~*~tactically~*~*~ (stealth).
  4594 | D:4      | 4594 ||| INVOKING Berserk.
  4607 | D:4      | 4607 ||| FLEEEEING.
  4617 | D:4      | 4617 ||| STAIRDANCE
  4729 | D:3      | 4729 ||| UPGRADING to +1 Delatra's gloves {ID++}.
  4739 | D:3      | 4739 ||| DROPPING +0 pair of gloves.
  4740 | D:3      | 4740 ||| READING scroll labelled ROPNUQ YRRU.
  4741 | D:3      | 4741 ||| DRINKING 2 bubbling ruby potions.
  4842 | D:3      | 4842 ||| DROPPING potion of ambrosia.
  4854 | D:4      | 4854 ||| FLEEEEING.
  4863 | D:4      | 4863 ||| STAIRDANCE
  4982 | D:4      | 4982 ||| INVOKING Berserk.
  4999 | D:4      | 4999 ||| FLEEEEING.
  5002 | D:4      | 5002 ||| STAIRDANCE
  5115 | D:4      | 5115 ||| Stepping ~*~*~tactically~*~*~ (stealth).
  5132 | D:4      | 5132 ||| Stepping ~*~*~tactically~*~*~ (hiding).
  5133 | D:4      | 5133 ||| Stepping ~*~*~tactically~*~*~ (hiding).
  5134 | D:4      | 5134 ||| Stepping ~*~*~tactically~*~*~ (hiding).
  5135 | D:4      | 5135 ||| Stepping ~*~*~tactically~*~*~ (hiding).
  5137 | D:4      | 5137 ||| Stepping ~*~*~tactically~*~*~ (hiding).
  5157 | D:4      | 5157 ||| INVOKING Berserk.
  5159 | D:4      | Reached skill level 6 in Axes
  5168 | D:4      | 5168 ||| Stepping ~*~*~tactically~*~*~ (stealth).
  5186 | D:4      | Reached XP level 7. HP: 33/43 MP: 7/7
  5259 | D:4      | Found an iron altar of Okawaru.
  5642 | D:4      | 5642 ||| Stepping ~*~*~tactically~*~*~ (stealth).
  5647 | D:4      | 5647 ||| Stepping ~*~*~tactically~*~*~ (hiding).
  5812 | D:5      | Entered Level 5 of the Dungeon
  6077 | D:5      | Found a staircase to the Ecumenical Temple.
  6209 | D:5      | Reached skill level 7 in Axes
  6275 | D:5      | 6275 ||| Stepping ~*~*~tactically~*~*~ (hiding).
  6279 | D:5      | 6279 ||| INVOKING Berserk.
  6557 | D:5      | Reached XP level 8. HP: 41/49 MP: 8/8
  6735 | D:5      | 6735 ||| UPGRADING to ring of willpower.
  6736 | D:5      | 6736 ||| READING scroll labelled ABUASETOARR.
  6737 | D:5      | 6737 ||| READING 6 scrolls of identify.
  6737 | D:5      | 6737 ||| IDENTIFYING golden potion
  6738 | D:5      | 6738 ||| DROPPING potion of degeneration.
  6798 | D:6      | 6798 ||| STAIRDANCE
  6808 | D:6      | 6808 ||| STAIRDANCE
  6816 | D:5      | 6816 ||| SWAPPING to +3 war axe.
  6817 | D:5      | 6817 ||| DROPPING +0 war axe.
  6826 | D:6      | 6826 ||| INVOKING Berserk.
  6828 | D:6      | Reached skill level 1 in Throwing
  6976 | D:6      | 6976 ||| INVOKING Berserk.
  7094 | D:6      | Noticed a wyvern
  7108 | D:6      | Killed a wyvern
  7109 | D:6      | Reached skill level 8 in Axes
  7294 | D:6      | Reached skill level 6 in Fighting
  7425 | D:6      | 7425 ||| Stepping ~*~*~tactically~*~*~ (hiding).
  7430 | D:6      | 7430 ||| INVOKING Berserk.
  7585 | D:6      | Reached skill level 9 in Axes
  7585 | D:6      | Reached XP level 9. HP: 55/55 MP: 9/9
  7709 | D:6      | 7709 ||| INVOKING Berserk.
  7941 | D:6      | Found an ornate altar of the Wu Jian Council.
  7944 | D:6      | 7944 ||| UPGRADING to +0 plate armour.
  7954 | D:6      | 7954 ||| DROPPING +0 chain mail.
  7955 | D:6      | 7955 ||| UPGRADING to +0 pair of boots.
  7960 | D:6      | 7960 ||| READING scroll labelled GUSTRU ESOSS.
  7961 | D:6      | 7961 ||| READING scroll labelled OLUFO IRGHANA.
  7962 | D:6      | 7962 ||| READING scroll labelled DAEXZEE KERO.
  7965 | D:6      | 7965 ||| READING 5 scrolls of identify.
  7965 | D:6      | 7965 ||| IDENTIFYING cyan potion
  7966 | D:6      | 7966 ||| READING 4 scrolls of identify.
  7966 | D:6      | 7966 ||| IDENTIFYING fuming golden potion
  7967 | D:6      | 7967 ||| READING 3 scrolls of identify.
  7967 | D:6      | 7967 ||| IDENTIFYING fuming ruby potion
  7968 | D:6      | 7968 ||| DROPPING potion of flight.
  8060 | D:7      | Reached skill level 6 in Armour
  8145 | D:7      | Found a shadowy altar of Dithmenos.
  8396 | D:7      | 8396 ||| UPGRADING to +6 ring of strength.
  8398 | D:7      | 8398 ||| UPGRADING to ring of protection from cold.
  8400 | D:7      | 8400 ||| READING 2 scrolls of identify.
  8400 | D:7      | 8400 ||| IDENTIFYING blue potion
  8484 | D:8      | 8484 ||| Stepping ~*~*~tactically~*~*~ (stealth).
  8487 | D:8      | 8487 ||| INVOKING Berserk.
  8686 | D:8      | HP: 6/57 [acid dragon/splash of acid (30)]
  8687 | D:8      | 8687 ||| DRINKING 2 potions of heal wounds.
  8688 | D:8      | 8688 ||| INVOKING Berserk.
  8700 | D:8      | HP: 10/57 [centaur/arrow (11)]
  8701 | D:8      | 8701 ||| DRINKING potion of heal wounds.
  8722 | D:8      | Reached **** piety under Trog
  8771 | D:8      | Noticed a komodo dragon
  8776 | D:8      | 8776 ||| INVOKING Berserk.
  8781 | D:8      | HP: 20/85 [komodo dragon (5)]
  8782 | D:8      | Killed a komodo dragon
  8783 | D:8      | Reached skill level 10 in Axes
  9039 | D:8      | Found a hazy altar of Hepliaklqana.
  9064 | D:8      | Found Hifuloesh's Weapon Shop.
  9092 | D:8      | Identified the +0 helmet of Wonder {rCorr}
  9102 | D:8      | Noticed Joseph
  9112 | D:8      | Reached XP level 10. HP: 51/63 MP: 11/11
  9112 | D:8      | Killed Joseph
  9267 | D:8      | Noticed Grum
  9268 | D:8      | 9268 ||| Stepping ~*~*~tactically~*~*~ (stealth).
  9270 | D:8      | 9270 ||| Stepping ~*~*~tactically~*~*~ (hiding).
  9276 | D:8      | 9276 ||| INVOKING Berserk.
  9282 | D:8      | Killed Grum
  9369 | D:8      | Found Geacwing's Jewellery Shoppe.
  9374 | D:8      | 9374 ||| BUYING +6 ring of strength (360 gold).
  9374 | D:8      | Bought a +6 ring of strength for 360 gold pieces
  9374 | D:8      | 9374 ||| SHOPLISTING amulet of guardian spirit (300 gold,
                  | have 244).
  9374 | D:8      | 9374 ||| SHOPLISTING amulet of the acrobat (300 gold, have
                  | 244).
  9374 | D:8      | 9374 ||| SHOPLISTING ring of protection from fire (250
                  | gold, have 244).
  9374 | D:8      | 9374 ||| BUYING ring of see invisible (150 gold).
  9374 | D:8      | Bought a ring of see invisible for 150 gold pieces
  9475 | D:8      | Found a staircase to the Lair.
  9552 | D:8      | 9552 ||| Stepping ~*~*~tactically~*~*~ (stealth).
  9572 | D:8      | 9572 ||| Stepping ~*~*~tactically~*~*~ (hiding).
  9577 | D:8      | 9577 ||| INVOKING Berserk.
  9692 | D:8      | 9692 ||| PLANNING LAIR
  9692 | D:8      | 9692 ||| UPGRADING to +0 helmet of Wonder {rCorr}.
  9702 | D:8      | 9702 ||| DROPPING +0 helmet.
  9703 | D:8      | 9703 ||| UPGRADING to +6 ring of strength.
  9705 | D:8      | 9705 ||| DROPPING ring of willpower.
  9706 | D:8      | 9706 ||| UPGRADING to ring of see invisible.
  9708 | D:8      | 9708 ||| DROPPING ring of protection from cold.
  9753 | Lair:1   | Entered Level 1 of the Lair of Beasts
  9815 | Lair:1   | Reached skill level 11 in Axes
  9956 | Lair:1   | Noticed a seven-headed hydra
  9957 | Lair:1   | 9957 ||| INVOKING Brothers in Arms.
  9958 | Lair:1   | 9958 ||| SWAPPING to +0 flail.
  9959 | Lair:1   | 9959 ||| INVOKING Berserk.
  9968 | Lair:1   | Killed a seven-headed hydra
  9969 | Lair:1   | Reached skill level 9 in Fighting
 10046 | Lair:1   | 10046 ||| SWAPPING to +3 war axe.
 10114 | Lair:1   | Noticed a catoblepas
 10115 | Lair:1   | 10115 ||| INVOKING Berserk.
 10120 | Lair:1   | Killed a catoblepas
 10121 | Lair:1   | Reached skill level 3 in Throwing
 10295 | Lair:1   | Reached XP level 11. HP: 71/71 MP: 12/12
 10376 | Lair:1   | 10376 ||| INVOKING Berserk.
 10520 | Lair:1   | Reached skill level 9 in Armour
 10692 | Lair:1   | 10692 ||| Stepping ~*~*~tactically~*~*~ (stealth).
 10817 | Lair:1   | 10817 ||| Stepping ~*~*~tactically~*~*~ (stealth).
 10819 | Lair:1   | 10819 ||| Stepping ~*~*~tactically~*~*~ (stealth).
 10995 | Lair:1   | 10995 ||| Stepping ~*~*~tactically~*~*~ (stealth).
 10997 | Lair:1   | 10997 ||| Stepping ~*~*~tactically~*~*~ (stealth).
 11006 | Lair:1   | 11006 ||| Stepping ~*~*~tactically~*~*~ (stealth).
 11026 | Lair:1   | 11026 ||| INVOKING Berserk.
 11028 | Lair:1   | Reached skill level 12 in Axes
 11380 | Lair:1   | 11380 ||| DROPPING ring of flight.
 11446 | Lair:2   | Noticed an oklob plant
 11477 | Lair:2   | 11477 ||| DRINKING potion of cancellation.
 11493 | Lair:2   | HP: 7/72 [oklob plant/splash of acid (13)]
 11494 | Lair:2   | 11494 ||| READING scroll of teleportation.
 11501 | Lair:2   | 11501 ||| INVOKING Berserk.
 11504 | Lair:2   | HP: 2/108 [wolf (7)]
 11849 | Lair:2   | Found a staircase to the Snake Pit.
 12040 | Lair:2   | Noticed a seven-headed hydra
 12043 | Lair:2   | 12043 ||| SWAPPING to +0 flail.
 12045 | Lair:2   | 12045 ||| INVOKING Berserk.
 12051 | Lair:2   | Killed a seven-headed hydra
 12158 | Lair:2   | 12158 ||| SWAPPING to +3 war axe.
 12175 | Lair:2   | Found a staircase to the Swamp.
 12259 | Lair:2   | 12259 ||| FLEEEEING.
 12260 | Lair:2   | 12260 ||| FLEEEEING.
 12384 | Lair:2   | 12384 ||| FLEEEEING.
 12385 | Lair:2   | 12385 ||| FLEEEEING.
 12386 | Lair:2   | 12386 ||| FLEEEEING.
 12472 | Lair:2   | 12472 ||| INVOKING Berserk.
 12500 | Lair:2   | HP: 18/72 [oklob plant/splash of acid (5)]
 12501 | Lair:2   | 12501 ||| INVOKING Berserk.
 12506 | Lair:2   | HP: 11/72 [oklob plant/splash of acid (8)]
 12507 | Lair:2   | HP: 2/72 [oklob plant/splash of acid (9)]
 12507 | Lair:2   | Killed from afar by an oklob plant

Levels and vault maps discovered:
D:1:      sevenhm_arrival_forest_fort_large_4, layout_loops_corners,
          hellmonk_ecumenical_altar_leap_of_faith, minmay_misc_feat_alley
D:2:      layout_loops_corners, kennysheep_generic_room_4, uniq_terence
D:3:      layout_loops_cross, kennysheep_slug_shrine,
          mainiacjoe_overflow_boulevard, chequers_garden, nrook_loot_triangle,
          minmay_misc_feat_roman, grunt_decor_junction, grunt_ministairs_8,
          uniq_jessica
D:4:      layout_loops_corners, okawaru_ov_weapons_minmay
D:5:      layout_cave_pods, minmay_temple_entry_poolview
D:6:      layout_rooms, marbit_many_paths, serial_park_tiny_pond,
          hangedman_decor_growths
D:7:      layout_rooms, nicolae_dithmenos_shadow_blocks
D:8:      layout_cave_pools, nicolae_hepliaklqana_hippocampus,
          david_lair_shrubbed, serial_shops, shop_coins, kennysheep_little_box,
          minivault_1, uniq_grum, uniq_joseph
Lair:1:   layout_roguey, serial_bayou_pond_c
Lair:2:   layout_long_grid, swamp_mist, guppyfry_snake_entry_garden,
          minmay_lair_oklob_bushes

Skill      XL: |  1  2  3  4  5  6  7  8  9 10 11 |
---------------+----------------------------------+-----
Axes           | 3 4 5 6 7 9 10 11 12 | 12.8
Fighting       | 4 5 6 7 9 10 | 10.0
Armour         | 3 4 7 8 9 |  9.0
Throwing       | 1 3 |  3.3
Dodging        | 2 |  2.0

Action                   |  1- 3 |  4- 6 |  7- 9 | 10-12 || total
-------------------------+-------+-------+-------+-------++-------
Melee: Hand axe          |   133 |    37 |       |       ||   170
       War axe           |       |   175 |   245 |   273 ||   693
       Punch             |       |     2 |     4 |     1 ||     7
       Flail             |       |       |       |    15 ||    15
Throw: Boomerang         |       |       |    52 |     3 ||    55
       Javelin           |       |       |       |    19 ||    19
Invok: Berserk           |       |     5 |     8 |    10 ||    23
       Brothers in Arms  |       |       |       |     1 ||     1
  Use: Scroll            |     3 |     6 |     9 |     1 ||    19
       Potion            |     2 |     3 |     2 |     1 ||     8
Armor: Animal skin       |    36 |       |       |       ||    36
       Leather armour    |    14 |    15 |       |       ||    29
       Chain mail        |       |    91 |    90 |       ||   181
       Plate armour      |       |       |    96 |   226 ||   322
Dodge: Dodged            |    76 |    78 |   112 |    99 ||   365
Block: Other             |     8 |    30 |    47 |    53 ||   138

Table legend:
 A = Non-vault XP
 B = Vault XP
 C = Vault XP percentage of total XP
 D = Non-vault monster count
 E = Vault monster count
 F = Vault count percentage of total count
                 A         B        C        D         E       F
            +---------+---------+-------+---------+---------+-------
      Total |   14806 |    1933 |  11.5 |     204 |      16 |   7.3
            +---------+---------+-------+---------+---------+-------
        D:1 |      64 |       0 |   0.0 |      33 |       0 |   0.0
        D:2 |      60 |      40 |  40.0 |      20 |       3 |  13.0
        D:3 |     112 |      43 |  27.7 |      15 |       4 |  21.1
        D:4 |     413 |       0 |   0.0 |      29 |       0 |   0.0
        D:5 |     598 |       0 |   0.0 |      18 |       0 |   0.0
        D:6 |    1126 |     132 |  10.5 |      14 |       1 |   6.7
        D:7 |     405 |       0 |   0.0 |       5 |       0 |   0.0
        D:8 |    1923 |    1404 |  42.2 |      24 |       6 |  20.0
     Lair:1 |    7268 |       0 |   0.0 |      34 |       0 |   0.0
     Lair:2 |    2837 |     314 |  10.0 |      12 |       2 |  14.3
            +---------+---------+-------+---------+---------+-------
